NYP
VANCOUVER CANADIANS @ VERMONT LAKE MONSTERS
06/27/2049
 
TOP OF THE 1ST
Vancouver Canadians batting - Pitching for Vermont Lake Monsters : RHP Terry Evans
Pitching: RHP Terry Evans
Batting: LHB Tso-lin Fen 0-0: Ball
1-0: Swinging Strike
1-1: Ball
2-1: Foul Ball, location: 2F
2-2: Ball
3-2: Strikes out swinging
Batting: RHB Selam Chimsima 0-0: Foul Ball, location: 2F
0-1: Foul Ball, location: 2F
0-2: Strikes out swinging
Batting: LHB Chris Fandino 0-0: Foul Ball, location: 2F
0-1: SINGLE (Groundball, 6MD, EV 98.1 MPH)
Batting: SHB Tim Hone 0-0: Ground out 4-3 (Groundball, 34, EV 88.1 MPH)
Top of the 1st over - 0 runs, 1 hit, 0 errors, 1 left on base; Vancouver 0 - Vermont 0
BOTTOM OF THE 1ST
Vermont Lake Monsters batting - Pitching for Vancouver Canadians : RHP Bobby O'Connell
Pitching: RHP Bobby O'Connell
Batting: RHB Alberto Malagon 0-0: Called Strike
0-1: Ball
1-1: Foul Ball, location: 2F
1-2: Ball
2-2: Ball
3-2: Fly out, F8 (Flyball, 8RXD, EV 90.0 MPH)
Batting: RHB Tetsuya Shinoda 0-0: Ball
1-0: Called Strike
1-1: Foul Ball, location: 2F
1-2: Strikes out swinging
Batting: RHB Ryan Jennings 0-0: Swinging Strike
0-1: Ball
1-1: Ground out 6-3 (Groundball, 6, EV 89.4 MPH)
Bottom of the 1st over - 0 runs, 0 hits, 0 errors, 0 left on base; Vancouver 0 - Vermont 0
TOP OF THE 2ND
Vancouver Canadians batting - Pitching for Vermont Lake Monsters : RHP Terry Evans
Batting: RHB Akira Kubo 0-0: Ball
1-0: Swinging Strike
1-1: Called Strike
1-2: Fly out, F9 (Line Drive, 9S, EV 86.9 MPH)
Batting: RHB Jorge Cruz 0-0: Ball
1-0: Called Strike
1-1: Swinging Strike
1-2: Foul Ball, location: 2F
1-2: Strikes out swinging
Batting: RHB Dan Muns 0-0: Called Strike
0-1: Swinging Strike
0-2: Ball
1-2: DOUBLE (Line Drive, 7LS, EV 113.8 MPH)
Batting: RHB Bobby Roldan 0-0: Ball
Balk!
Dan Muns to third
1-0: TRIPLE (Line Drive, 89XD, EV 108.1 MPH)
Dan Muns scores
Batting: RHB Jorge Alva 0-0: Called Strike
0-1: Ball
1-1: Called Strike
1-2: Ball
2-2: Strikes out swinging
Top of the 2nd over - 1 run, 2 hits, 0 errors, 1 left on base; Vancouver 1 - Vermont 0
BOTTOM OF THE 2ND
Vermont Lake Monsters batting - Pitching for Vancouver Canadians : RHP Bobby O'Connell
Batting: LHB Felipe Gomez 0-0: Ball
1-0: Swinging Strike
1-1: Called Strike
1-2: Foul Ball, location: 2F
1-2: Ball
2-2: Strikes out swinging
Batting: RHB Edgardo Rivera 0-0: Foul Ball, location: 2F
0-1: Fly out, F7 (Flyball, 7, EV 81.9 MPH)
Batting: SHB Steve Salafia 0-0: Called Strike
0-1: Reached on error, E5 (Groundball, 56, EV 88.1 MPH)
Batting: SHB Matt Sybrant 0-0: Called Strike
Steve Salafia steals 2nd base
0-1: Ground out 6-3 (Groundball, 6, EV 103.1 MPH)
Bottom of the 2nd over - 0 runs, 0 hits, 1 error, 1 left on base; Vancouver 1 - Vermont 0
TOP OF THE 3RD
Vancouver Canadians batting - Pitching for Vermont Lake Monsters : RHP Terry Evans
Batting: LHB Tso-lin Fen 0-0: Called Strike
0-1: Ball
1-1: Ball
2-1: Ball
3-1: Base on Balls
Batting: RHB Selam Chimsima 0-0: Ball
Tso-lin Fen is caught stealing 2nd base 2-4
1-0: Ball
2-0: Ball
3-0: Base on Balls
Batting: LHB Chris Fandino 0-0: Ball
1-0: Ball
2-0: Foul Ball, location: 2F
2-1: Ball
3-1: Base on Balls
Selam Chimsima to second
Batting: SHB Tim Hone 0-0: Called Strike
0-1: Ball
1-1: Called Strike
1-2: Ball
2-2: Ball
3-2: Strikes out swinging
Batting: RHB Akira Kubo 0-0: Foul Ball, location: 2F
0-1: Fielders Choice at 2nd, 6-4 (Groundball, 6, EV 81.2 MPH)
Top of the 3rd over - 0 runs, 0 hits, 0 errors, 2 left on base; Vancouver 1 - Vermont 0
BOTTOM OF THE 3RD
Vermont Lake Monsters batting - Pitching for Vancouver Canadians : RHP Bobby O'Connell
Batting: SHB Berthold Frey 0-0: Ball
1-0: Ball
2-0: Foul Ball, location: 2F
2-1: Ball
3-1: Called Strike
3-2: Strikes out looking
Batting: SHB Mike Kirk 0-0: Ground out U3 (Groundball, 34, EV 85.6 MPH)
Batting: RHB Alberto Malagon 0-0: Called Strike
0-1: SINGLE (Groundball, 5D, EV 100.6 MPH)
Batting: RHB Tetsuya Shinoda 0-0: Ball
1-0: Called Strike
1-1: Foul Ball, location: 2F
1-2: Foul Ball, location: 2F
1-2: Ball
2-2: Ball
Alberto Malagon is caught stealing 2nd base 2-4
Bottom of the 3rd over - 0 runs, 1 hit, 0 errors, 0 left on base; Vancouver 1 - Vermont 0
TOP OF THE 4TH
Vancouver Canadians batting - Pitching for Vermont Lake Monsters : RHP Terry Evans
Batting: RHB Jorge Cruz 0-0: Called Strike
0-1: Ball
1-1: Foul Ball, location: 2F
1-2: Foul Ball, location: 2F
1-2: Strikes out looking
Batting: RHB Dan Muns 0-0: Ball
1-0: Ball
2-0: Ball
3-0: Base on Balls
Batting: RHB Bobby Roldan 0-0: Grounds into double play, 4-6-3 (Groundball, 4M, EV 110.6 MPH)
Top of the 4th over - 0 runs, 0 hits, 0 errors, 0 left on base; Vancouver 1 - Vermont 0
BOTTOM OF THE 4TH
Vermont Lake Monsters batting - Pitching for Vancouver Canadians : RHP Bobby O'Connell
Batting: RHB Tetsuya Shinoda 0-0: Called Strike
0-1: Ball
1-1: Swinging Strike
1-2: Strikes out swinging
Batting: RHB Ryan Jennings 0-0: Ground out 4-3 (Groundball, 4, EV 103.1 MPH)
Batting: LHB Felipe Gomez 0-0: Fly out, F5 (Popup, 25F, EV 81.9 MPH)
Bottom of the 4th over - 0 runs, 0 hits, 0 errors, 0 left on base; Vancouver 1 - Vermont 0
TOP OF THE 5TH
Vancouver Canadians batting - Pitching for Vermont Lake Monsters : RHP Terry Evans
Batting: RHB Jorge Alva 0-0: Foul Ball, location: 2F
0-1: Foul Ball, location: 2F
0-2: Strikes out swinging
Batting: LHB Tso-lin Fen 0-0: Ball
1-0: Ball
2-0: Foul Ball, location: 2F
2-1: Ball
3-1: Swinging Strike
3-2: Foul Ball, location: 2F
3-2: Strikes out looking
Batting: RHB Selam Chimsima 0-0: Ball
1-0: Ball
2-0: Swinging Strike
2-1: Foul Ball, location: 2F
2-2: Strikes out swinging
Top of the 5th over - 0 runs, 0 hits, 0 errors, 0 left on base; Vancouver 1 - Vermont 0
BOTTOM OF THE 5TH
Vermont Lake Monsters batting - Pitching for Vancouver Canadians : RHP Bobby O'Connell
Batting: RHB Edgardo Rivera 0-0: Ball
1-0: Called Strike
1-1: Foul Ball, location: 2F
1-2: Strikes out swinging
Batting: SHB Steve Salafia 0-0: Ball
1-0: Ground out 6-3 (Groundball, 6, EV 104.4 MPH)
Batting: SHB Matt Sybrant 0-0: Ground out 4-3 (Groundball, 4D, EV 104.4 MPH)
Bottom of the 5th over - 0 runs, 0 hits, 0 errors, 0 left on base; Vancouver 1 - Vermont 0
TOP OF THE 6TH
Vancouver Canadians batting - Pitching for Vermont Lake Monsters : RHP Terry Evans
Batting: LHB Chris Fandino 0-0: Ball
1-0: Ball
2-0: Fly out, F8 (Flyball, 78XD, EV 99.4 MPH)
Batting: SHB Tim Hone 0-0: Foul Ball, location: 2F
0-1: SINGLE (Groundball, 3S, EV 69.4 MPH) (infield hit)
Batting: RHB Akira Kubo 0-0: Hit by Pitch
Tim Hone to second
Batting: RHB Jorge Cruz 0-0: Called Strike
0-1: Ball
1-1: Called Strike
1-2: Ball
2-2: Ball
3-2: Base on Balls
Tim Hone to third
Akira Kubo to second
Pitching: RHP Nasser bin Ata
Batting: RHB Dan Muns 0-0: Called Strike
0-1: Called Strike
0-2: Strikes out swinging
Batting: RHB Bobby Roldan 0-0: Swinging Strike
0-1: Foul Ball, location: 2F
0-2: Ball
1-2: Foul Ball, location: 2F
1-2: Foul Ball, location: 2F
1-2: Ball
2-2: Foul Ball, location: 2F
2-2: Ball
3-2: Foul Ball, location: 2F
3-2: Strikes out looking
Top of the 6th over - 0 runs, 1 hit, 0 errors, 3 left on base; Vancouver 1 - Vermont 0
BOTTOM OF THE 6TH
Vermont Lake Monsters batting - Pitching for Vancouver Canadians : RHP Bobby O'Connell
Batting: SHB Berthold Frey 0-0: Ball
1-0: Called Strike
1-1: SINGLE (Groundball, 4MD, EV 99.4 MPH)
Batting: SHB Mike Kirk 0-0: Ball
Berthold Frey is caught stealing 2nd base 2-6
1-0: Ground out 5-3 (Groundball, 5, EV 86.9 MPH)
Batting: RHB Alberto Malagon 0-0: Ball
1-0: Foul Ball, location: 2F
1-1: Ball
2-1: Ball
3-1: Called Strike
3-2: Foul Ball, location: 2F
3-2: Ground out 5-3 (Groundball, 56, EV 86.9 MPH)
Bottom of the 6th over - 0 runs, 1 hit, 0 errors, 0 left on base; Vancouver 1 - Vermont 0
TOP OF THE 7TH
Vancouver Canadians batting - Pitching for Vermont Lake Monsters : RHP Nasser bin Ata
Pinch Hitting: SHB Scott Robbins 0-0: Called Strike
0-1: Ground out 5-3 (Groundball, 56S, EV 69.4 MPH)
Batting: LHB Tso-lin Fen 0-0: Ground out U3 (Groundball, 3, EV 104.4 MPH)
Batting: RHB Selam Chimsima 0-0: Ground out U3 (Groundball, 34, EV 101.9 MPH)
Top of the 7th over - 0 runs, 0 hits, 0 errors, 0 left on base; Vancouver 1 - Vermont 0
BOTTOM OF THE 7TH
Vermont Lake Monsters batting - Pitching for Vancouver Canadians : RHP Bobby O'Connell
Now in LF: Jose Ontiveros
Now in CF: Ron de Vos
Batting: RHB Tetsuya Shinoda 0-0: Called Strike
0-1: Foul Ball, location: 2F
0-2: Fly out, F9 (Flyball, 9, EV 96.2 MPH)
Batting: RHB Ryan Jennings 0-0: Called Strike
0-1: Ball
1-1: Foul Ball, location: 2F
1-2: SINGLE (Groundball, 6M, EV 97.5 MPH)
Batting: LHB Felipe Gomez 0-0: Called Strike
0-1: Foul Ball, location: 2F
0-2: Ball
1-2: Foul Ball, location: 2F
1-2: Reached on error, E5 (Groundball, 56, EV 95.0 MPH)
Ryan Jennings to second
Batting: RHB Edgardo Rivera 0-0: Called Strike
0-1: Called Strike
0-2: Strikes out looking
Batting: SHB Steve Salafia 0-0: Ball
1-0: Reached on error, E6 (Groundball, 6, EV 93.1 MPH)
Ryan Jennings to third
Felipe Gomez to second
Batting: SHB Matt Sybrant 0-0: Ball
1-0: Ball
2-0: Ball
3-0: Base on Balls
Ryan Jennings scores
Felipe Gomez to third
Steve Salafia to second
Batting: SHB Berthold Frey 0-0: Called Strike
0-1: Ball
1-1: Ball
2-1: Foul Ball, location: 2F
2-2: Ball
3-2: Foul Ball, location: 2F
3-2: Strikes out swinging
Bottom of the 7th over - 1 run, 1 hit, 2 errors, 3 left on base; Vancouver 1 - Vermont 1
TOP OF THE 8TH
Vancouver Canadians batting - Pitching for Vermont Lake Monsters : RHP Nasser bin Ata
Batting: LHB Chris Fandino 0-0: Ball
1-0: Ball
2-0: Called Strike
2-1: Foul Ball, location: 2F
2-2: Ball
3-2: Foul Ball, location: 2F
3-2: Strikes out swinging
Batting: SHB Tim Hone 0-0: Called Strike
0-1: Called Strike
0-2: Ball
1-2: Ball
2-2: SINGLE (Groundball, 13S, EV 65.6 MPH) (infield hit)
Pinch Hitting: LHB Devin Huber 0-0: Called Strike
Tim Hone steals 2nd base
0-1: Ground out U3 (Groundball, 3, EV 100.6 MPH)
Tim Hone to third
Batting: RHB Jorge Cruz 0-0: Ball
Wild Pitch!
Tim Hone scores
1-0: Ball
2-0: Called Strike
2-1: Ball
3-1: Foul Ball, location: 2F
3-2: Strikes out swinging
Top of the 8th over - 1 run, 1 hit, 0 errors, 0 left on base; Vancouver 2 - Vermont 1
BOTTOM OF THE 8TH
Vermont Lake Monsters batting - Pitching for Vancouver Canadians : RHP Bobby O'Connell
Now at 1B: Adam O'Hare
Now at 2B: Luis Reyes
Now in RF: Julio Canseco
Batting: SHB Mike Kirk 0-0: Ball
1-0: Called Strike
1-1: Ground out 4-3 (Groundball, 4, EV 104.4 MPH)
Pinch Hitting: LHB Brian Puccio 0-0: Swinging Strike
0-1: Foul Ball, location: 2F
0-2: Ball
1-2: Strikes out looking
Batting: RHB Tetsuya Shinoda 0-0: Called Strike
0-1: Foul Ball, location: 2F
0-2: Ball
1-2: Strikes out swinging
Bottom of the 8th over - 0 runs, 0 hits, 0 errors, 0 left on base; Vancouver 2 - Vermont 1
TOP OF THE 9TH
Vancouver Canadians batting - Pitching for Vermont Lake Monsters : RHP Nasser bin Ata
Pitching: RHP Bobby Feig
Now at 3B: Scott Lister
Pinch Hitting: LHB Lothar Middelkoop 0-0: Ground out U3 (Groundball, 3S, EV 88.8 MPH)
Batting: RHB Bobby Roldan 0-0: Swinging Strike
0-1: Ball
1-1: Ball
2-1: Foul Ball, location: 2F
2-2: Strikes out swinging
Batting: RHB Jose Ontiveros 0-0: Ball
1-0: Ground out 2-3 (Groundball, 2R, EV 71.2 MPH)
Top of the 9th over - 0 runs, 0 hits, 0 errors, 0 left on base; Vancouver 2 - Vermont 1
BOTTOM OF THE 9TH
Vermont Lake Monsters batting - Pitching for Vancouver Canadians : RHP Bobby O'Connell
Now at C: David Cooper
Batting: RHB Ryan Jennings 0-0: Swinging Strike
0-1: Ball
1-1: Foul Ball, location: 2F
1-2: Fly out, F7 (Flyball, 7, EV 90.6 MPH)
Batting: LHB Felipe Gomez 0-0: Ball
1-0: Ball
2-0: Ball
3-0: Called Strike
3-1: Base on Balls
Pitching: RHP Eric Bessire
Batting: RHB Edgardo Rivera 0-0: Called Strike
0-1: Foul Ball, location: 2F
0-2: Foul Ball, location: 2F
0-2: Ball
1-2: Fly out, F8 (Flyball, 8LD, EV 103.1 MPH)
Batting: SHB Steve Salafia 0-0: Foul Ball, location: 2F
0-1: Foul Ball, location: 2F
0-2: Ball
1-2: Fly out, F4 (Line Drive, 4, EV 71.2 MPH)
Bottom of the 9th over - 0 runs, 0 hits, 0 errors, 1 left on base; Vancouver 2 - Vermont 1
Sunday, July 16th , 2023 - OOTP Baseball 24.6 Build 69